Map: Lost and Found LE

Players

GOStephano (Stephano) - Winner!

  • Race: Zerg Zerg
  • Spawn Location: 1:00

HellraiseR

  • Race: Protoss Protoss
  • League: Master
  • Spawn Location: 7:00

Event: HomeStory Cup XVIII

VOD

Have the link to the VOD?

Description

Time

  • Played on: Nov. 23, 2018, 7:50 a.m.
  • Length: 11:14

All games in this series

Show
View Real Time Build Order
Export as new Build Order

GOStephano Zerg - Winner!

Build Orders: Hatch First, Swarm Host 

Get SALT Encoding   

  12  0:01  Drone  
  13  0:13  Overlord  
  13  0:18  Drone  
  14  0:31  Drone x2  
  16  0:47  Hatchery  
  15  0:51  Drone  
  15  0:54  Drone  
  17  0:57  Drone  
  18  1:08  Extractor  
  17  1:13  Spawning Pool  
  17  1:16  Drone  
  17  1:19  Drone  
  18  1:29  Drone  
  19  1:40  Drone  
  20  1:50  Drone  
  21  1:59  Queen  
  21  2:00  Queen, Zergling x2  
  21  2:01  Overlord  
  26  2:11  Drone x2  
  28  2:24  Drone, Hatchery  
  28  2:27  Drone  
  29  2:33  Drone  
  29  2:35  Drone  
  31  2:38  Queen  
  31  2:43  Overlord  
  33  2:45  Zergling x2  
  33  2:49  Metabolic Boost  
  34  2:54  Drone x2  
  36  3:05  Overlord  
  36  3:07  Drone x2  
  36  3:08  Drone x2  
  36  3:09  Drone  
  36  3:12  Overlord  
  41  3:17  Queen  
  43  3:21  Evolution Chamber  
  43  3:25  Drone  
  43  3:27  Drone  
  43  3:29  Drone x2  
  43  3:34  Drone  
  47  3:35  Drone  
  47  3:40  Drone x4  
  52  3:43  Drone  
  52  3:45  Spore Crawler  
  52  3:48  Drone, Spore Crawler  
  52  3:51  Spore Crawler  
  52  3:54  Zerg Melee Weapons Level 1  
  51  3:59  Queen  
  53  4:03  Overlord  
  53  4:05  Drone  
  53  4:07  Drone  
  53  4:09  Drone x2  
  57  4:11  Drone  
  57  4:15  Spore Crawler  
  58  4:22  Drone x7  
  65  4:27  Lair  
  65  4:31  Extractor, Zergling x4  
  66  4:32  Extractor, Overlord  
  66  4:37  Overlord  
  65  4:42  Overlord  
  65  4:50  Queen x2  
  65  4:52  Zergling x6  
  71  4:56  Drone x2  
  71  4:59  Zergling x4  
  75  5:01  Drone x2  
  75  5:04  Zergling x4  
  75  5:05  Zergling x2  
  80  5:14  Hatchery  
  79  5:22  Drone x2  
  79  5:23  Drone  
  79  5:24  Extractor  
  79  5:25  Queen  
  79  5:26  Queen  
  85  5:30  Zergling x10  
  90  5:37  Overlord  
  90  5:42  Overlord, Spore Crawler  
  89  5:44  Spore Crawler x2  
  89  5:46  Overlord  
  86  5:52  Drone x4  
  86  5:56  Extractor  
  89  5:57  Hydralisk Den  
  89  6:03  Drone x9  
  93  6:05  Drone x5  
  98  6:13  Drone x2  
  100  6:20  Overlord  
  100  6:24  Drone x2  
  101  6:28  Zerg Melee Weapons Level 2  
  101  6:29  Muscular Augments  
  101  6:31  Hydralisk x4, Baneling Nest  
  108  6:37  Extractor  
  107  6:40  Spore Crawler x2  
  107  6:43  Drone x8  
  113  6:50  Drone x3  
  116  6:54  Hydralisk x2  
  116  6:55  Hydralisk  
  122  7:06  Overlord  
  122  7:11  Hydralisk x2  
  122  7:12  Overlord  
  122  7:13  Overlord x3  
  126  7:21  Overlord  
  126  7:23  Centrifical Hooks  
  126  7:25  Hydralisk  
  126  7:26  Hydralisk x3  
  134  7:36  Hydralisk x9  
  136  7:42  Grooved Spines  
  136  7:43  Infestation Pit  
  152  7:51  Zergling x22  
  152  7:56  Zergling x6  
  165  7:58  Baneling x3  
  165  7:59  Baneling x2  
  165  8:00  Overlord x2  
  165  8:06  Extractor  
  165  8:09  Extractor  
  163  8:23  Swarm Host x7  
  162  8:35  Zergling x24  
  168  8:44  Zerg Missile Weapons Level 1  
  168  8:50  Swarm Host x6  
  168  8:54  Baneling x4  
  186  9:08  Baneling x9  
  186  9:09  Baneling x3  
  186  9:10  Hatchery  
  186  9:12  Hatchery  
  184  9:23  Overlord x3  
  184  9:32  Overlord  
  184  9:38  Overseer  
  184  9:39  Hive  
  184  9:40  Spire  
  181  9:49  Zergling x42  
  194  9:54  Zergling x16  
  198  10:11  Hydralisk x5  
  199  10:15  Zergling x2  
  200  10:29  Evolution Chamber  
  199  10:37  Baneling x13  
  199  10:46  Baneling x17  
  199  10:48  Zergling x2  
Show
View Real Time Build Order
Export as new Build Order

HellraiseR Protoss 

Build Orders: 1 Gate Expand, Oracle Opening, Phoenix Opening, Mass Phoenix 

Get SALT Encoding   

  12  0:00  Probe  
  13  0:12  Probe  
  14  0:19  Pylon  
  14  0:22  Probe  
  15  0:33  Probe  
  15  0:38  Gateway  
  16  0:43  Probe  
  16  0:47  Assimilator  
  17  0:55  Probe  
  18  1:08  Probe  
  19  1:20  Nexus  
  19  1:23  Probe  
  20  1:33  Cybernetics Core  
  20  1:36  Probe  
  21  1:41  Assimilator  
  21  1:48  Probe  
  21  1:50  Pylon  
  22  1:56  Probe  
  22  2:00  Adept  
  23  2:04  Probe  
  24  2:14  Probe  
  26  2:22  Stargate  
  27  2:26  Probe  
  27  2:27  Adept  
  27  2:28  Probe  
  30  2:36  Probe, Warp Gate  
  31  2:38  Probe  
  33  2:46  Probe  
  33  2:50  Probe  
  35  2:57  Phoenix  
  35  2:58  Probe  
  35  3:02  Probe  
  39  3:05  Gateway  
  39  3:10  Probe  
  40  3:14  Pylon  
  40  3:15  Oracle, Probe  
  40  3:19  Assimilator  
  41  3:22  Probe  
  41  3:27  Probe  
  46  3:30  Assimilator  
  46  3:34  Probe  
  46  3:39  Probe  
  48  3:47  Probe  
  49  3:49  Pylon  
  49  3:51  Probe  
  49  3:55  Phoenix, Stargate  
  50  3:59  Probe  
  53  4:03  Probe  
  54  4:11  Probe  
  54  4:14  Phoenix  
  54  4:15  Probe  
  56  4:23  Probe  
  59  4:27  Shield Battery, Probe  
  59  4:28  Pylon  
  60  4:35  Probe  
  60  4:38  Phoenix  
  61  4:46  Nexus, Phoenix  
  61  4:47  Zealot x2  
  61  4:51  Probe  
  61  4:52  Probe  
  70  5:00  Pylon  
  70  5:08  Pylon  
  70  5:12  Phoenix, Pylon  
  70  5:18  Phoenix, Probe x2  
  76  5:22  Zealot  
  76  5:28  Zealot  
  80  5:30  Probe x2  
  80  5:33  Phoenix  
  82  5:42  Probe x2  
  86  5:49  Phoenix  
  88  5:53  Robotics Facility  
  88  5:54  Probe  
  88  5:55  Forge, Twilight Council  
  89  5:59  Zealot x2  
  89  6:00  Probe  
  94  6:04  Probe  
  94  6:10  Phoenix  
  97  6:12  Probe  
  97  6:15  Assimilator  
  97  6:18  Protoss Ground Weapons Level 1, Probe  
  101  6:20  Assimilator  
  101  6:21  Charge, Pylon, Probe  
  101  6:25  Probe  
  103  6:34  Probe  
  103  6:38  Gateway x2  
  104  6:42  Gateway x2  
  102  6:47  Gateway  
  102  6:48  Templar Archives  
  102  6:53  Probe x2  
  102  6:54  Sentry, Templar Archives  
  104  6:55  Sentry  
  104  6:58  Probe  
  107  7:05  Probe x2  
  109  7:09  Immortal  
  109  7:15  Photon Cannon  
  109  7:16  Photon Cannon  
  109  7:17  Photon Cannon  
  109  7:18  Shield Battery x2  
  112  7:26  Zealot x2  
  116  7:32  Gateway  
  116  7:35  Pylon  
  116  7:37  Pylon  
  116  7:41  Protoss Ground Weapons Level 2  
  116  7:42  Observer  
  116  7:46  Pylon  
  116  7:49  Nexus  
  116  7:59  High Templar x5  
  116  8:00  High Templar, Zealot  
  116  8:02  Pylon  
  116  8:03  Immortal  
  134  8:05  Archon x2  
  134  8:06  Archon  
  134  8:12  Nexus  
  134  8:16  Photon Cannon x2  
  134  8:19  Shield Battery  
  134  8:26  Zealot  
  118  8:30  Zealot  
  118  8:31  Zealot x2  
  118  8:32  Immortal  
  118  8:33  Zealot  
  111  8:39  Zealot x2, Sentry  
  107  8:50  High Templar x2  
  107  8:51  Sentry  
  107  8:52  Zealot  
  115  8:55  Zealot  
  115  8:56  Archon  
  117  9:03  Zealot  
  117  9:04  Zealot x2  
  117  9:05  Pylon  
  123  9:11  Pylon  
  123  9:18  High Templar x2  
  123  9:23  Psionic Storm  
  120  9:27  High Templar x2  
  120  9:28  Zealot x4  
  120  9:31  Archon  
  132  9:32  Archon  
  117  9:55  Zealot x6  
  119  10:03  Zealot x2  
  119  10:04  Immortal  
  105  10:17  Probe  
  105  10:18  Zealot x3  
  105  10:19  Zealot x3  
  105  10:20  Probe x2  
  124  10:24  High Templar x2  
  124  10:25  Probe  
  128  10:32  Probe x2  
  130  10:36  Archon  
  130  10:38  Zealot  
  130  10:42  Pylon  
  132  10:43  Pylon  
  131  10:54  High Templar  
  133  10:57  Pylon  
  133  10:59  Pylon  
  133  11:01  Pylon  
  133  11:02  Pylon  
  86  11:12  Zealot x7  
Tags
 
Add a new tag
Caveats
  • Supply blocks, unpowered buildings, or Contaminate may cause inaccurate times.
  • Supply counts are checked every 10 seconds.